Map: Orbital Shipyard

Players

ILLBdA - Winner!

  • Race: Protoss Protoss
  • League: Diamond

hang

  • Race: Zerg Zerg

VOD

Have the link to the VOD?

Description

Time

  • Played on: Dec. 11, 2015, 7:35 a.m.
  • Length: 4:20
Show
View Real Time Build Order
Export as new Build Order

ILLBdA Protoss - Winner!

Build Orders:  

Get SALT Encoding   

  12  0:01  Probe (Chrono Boost)  
  13  0:11  Probe (Chrono Boost)  
  14  0:22  Probe (Chrono Boost)  
  15  0:41  Pylon  
  15  1:00  Gateway  
  15  1:01  Gateway  
  15  1:02  Gateway  
  15  1:08  Gateway  
  15  1:17  Pylon  
  15  1:51  Zealot (Chrono Boost)  
  15  1:52  Zealot x2 (Chrono Boost)  
  21  1:55  Zealot (Chrono Boost)  
  21  1:57  Pylon  
  25  2:19  Zealot (Chrono Boost)  
  25  2:20  Zealot x2 (Chrono Boost)  
  26  2:40  Zealot (Chrono Boost)  
  30  2:52  Zealot (Chrono Boost)  
  26  3:02  Zealot (Chrono Boost)  
  26  3:10  Zealot (Chrono Boost)  
  28  3:19  Zealot (Chrono Boost)  
  28  3:26  Zealot (Chrono Boost)  
  32  3:42  Zealot (Chrono Boost)  
  32  3:48  Zealot (Chrono Boost)  
  34  3:56  Zealot (Chrono Boost)  
Show
View Real Time Build Order
Export as new Build Order

hang Zerg 

Build Orders: Pool First 

Get SALT Encoding   

  12  0:01  Drone  
  13  0:09  Drone  
  14  0:25  Spawning Pool  
  13  0:29  Drone  
  13  0:32  Extractor  
  13  0:35  Drone  
  14  0:44  Overlord  
  14  1:03  Drone  
  15  1:12  Queen  
  15  1:13  Zergling x4  
  15  1:15  Drone  
  20  1:24  Overlord  
  20  1:33  Metabolic Boost  
  20  1:57  Hatchery  
  20  2:00  Drone  
  20  2:03  Drone  
  21  2:10  Overlord  
  21  2:29  Zergling x2  
  21  2:30  Zergling x6  
  21  2:35  Zergling x2  
  24  2:56  Zergling x2  
  24  2:57  Zergling x2  
  23  3:01  Queen  
  23  3:11  Zergling x2  
  20  3:20  Zergling x2  
  20  3:28  Zergling x2  
  21  3:36  Zergling x2  
  20  3:54  Zergling x2  
Tags
 
League
Diamond
Matchup
PvZ
Opening
Pool First
Replay Pack
me
Add a new tag
Caveats
  • Supply blocks, unpowered buildings, or Contaminate may cause inaccurate times.
  • Supply counts are checked every 10 seconds.